 Dungeon Crawl Stone Soup version 0.20.1-1-g8b1a95d (webtiles) character file.

194 Gargoyl the Chopper (level 5, -6/47 HPs)
             Began as a Minotaur Abyssal Knight on Oct 18, 2017.
             Was a Believer of Lugonu.
             Killed from afar by Ijyb (20 damage)
             ... with a wand of lightning (?/15)
             ... on level 3 of the Dungeon.
             The game lasted 00:04:13 (2694 turns).

Gargoyl the Chopper (Minotaur Abyssal Knight)       Turns: 2694, Time: 00:04:13

Health: -6/47      AC:  9    Str: 17    XL:     5   Next: 44%
Magic:  6/6        EV:  7    Int:  9    God:    Lugonu [**....]
Gold:   133        SH:  0    Dex: 12    Spells: 4/4 levels left

rFire    . . .     SeeInvis .   a - +3 hand axe
rCold    . . .     Gourm    .   (no shield)
rNeg     . . .     Faith    .   d - +0 chain mail
rPois    .         Spirit   .   (helmet restricted)
rElec    .         Reflect  .   (no cloak)
rCorr    .         Harm     .   (no gloves)
MR       .....                  (no boots)
Stlth    ..........             (no amulet)
Regen    0.2/turn               (no ring)
MPRegen  0.1/turn               (no ring)

@: no status effects
A: retaliatory headbutt, fangs 1, horns 2, agile 1
a: Depart the Abyss, Bend Space, Renounce Religion


You were on level 3 of the Dungeon.
You worshipped Lugonu.
Lugonu was pleased with you.
You were not hungry.

You visited 1 branch of the dungeon, and saw 3 of its levels.
You visited the Abyss 1 time.

You collected 133 gold pieces.

Inventory:

Hand Weapons
 a - a +3 hand axe (weapon)
Missiles
 m - 8 steel tomahawks (quivered)
Armour
 d - a +0 chain mail (worn)
Jewellery
 s - an uncursed ring of protection from fire {unknown}
Scrolls
 i - 2 scrolls of identify
 l - a scroll of recharging {unknown}
 n - 2 scrolls of teleportation {unknown}
 p - 2 scrolls of remove curse {unknown}
 r - 2 scrolls of magic mapping {unknown}
Potions
 e - a potion of resistance {unknown}
 g - a potion of flight {unknown}
 h - a potion of agility
 j - a potion of curing
 k - 2 potions of haste
Comestibles
 b - 2 meat rations
 c - 4 bread rations
 f - 4 fruits
 o - a royal jelly
 q - 8 chunks of flesh


   Skills:
 + Level 4.4 Fighting
 + Level 4.5 Axes
 * Level 4.2 Armour
 + Level 1.3 Dodging
 * Level 2.7 Invocations


You had 4 spell levels left.
You didn't know any spells.

Dungeon Overview and Level Annotations

Branches:
Dungeon (3/15)

Altars:
Uskayaw

Annotations:
D:3 Ijyb


Innate Abilities, Weirdness & Mutations

You reflexively headbutt those who attack you in melee.
You have a pair of horns on your head.
You have very sharp teeth.
You are agile. (Dex +2)


Message History

You hit Ijyb. Your headbutt misses Ijyb. Your bite misses Ijyb.
Ijyb is heavily wounded.
Ijyb hits you but does no damage.
You hit Ijyb but do no damage. Your headbutt misses Ijyb.
You bite Ijyb, but do no damage.
Ijyb is heavily wounded.
Ijyb hits you but does no damage. x2
You closely miss Ijyb.
Ijyb is heavily wounded.
Ijyb barely misses you.
You hit Ijyb.
Ijyb is severely wounded.
Ijyb hits you but does no damage.
Ijyb zaps a wand.
The bolt of lightning hits you!
* * * LOW HITPOINT WARNING * * *
You closely miss Ijyb. Your bite misses Ijyb.
Ijyb is severely wounded.
Ijyb screams, "Level is mine!
All mine!"
Ijyb zaps a wand.
The bolt of lightning hits you!
You die...

#.# #.# ##'## #.#
##...## #.# ##.....##
####.## ##.......##
##...#.# ###....†....#
##......##
..'.........+...........
###....)....####......##
##...@...## ##....<#
##..g..## ###.###
##...## #. ##'## #. ...
#. ..# ..# #...


You could see Ijyb.

Vanquished Creatures
  3 orc priests (D:3)
  2 adders
  An ooze (D:2)
  2 worms
  3 dart slugs
  A leopard gecko (D:1)
  11 orcs (D:3)
  2 giant cockroaches
  9 goblins
  8 hobgoblins
  A ball python (D:1)
  4 bats
  2 frilled lizards
  4 kobolds
  12 rats
65 creatures vanquished.

Notes
Turn   | Place    | Note
-------+----------+-------------------------------------------
     0 | Abyss:1  | Gargoyl the Minotaur Abyssal Knight began the quest for the Orb.
     0 | Abyss:1  | Reached XP level 1. HP: 19/19 MP: 1/1
    13 | Abyss:1  | Found a viscous altar of Jiyva.
   125 | Abyss:3  | Found a corrupted altar of Lugonu.
   150 | Abyss:3  | Noticed a hell hog
   151 | Abyss:3  | Noticed a small abomination
   160 | D:1      | Escaped the Abyss
   349 | D:1      | Reached XP level 2. HP: 23/27 MP: 2/2
   359 | D:1      | Reached * piety under Lugonu
   865 | D:2      | Gained mutation: Your spells are a little easier to cast, but a little less powerful. [potion of mutation]
   865 | D:2      | Gained mutation: You are partially covered in molten scales. (AC +2) [potion of mutation]
   891 | D:2      | Reached XP level 3. HP: 31/33 MP: 3/3
  1524 | D:2      | Found a hide-covered altar of Uskayaw.
  1740 | D:2      | Lost mutation: You are partially covered in molten scales. (AC +2) [potion of mutation]
  1740 | D:2      | Lost mutation: Your spells are a little easier to cast, but a little less powerful. [potion of mutation]
  1740 | D:2      | Gained mutation: You are agile. (Dex +2) [potion of mutation]
  1740 | D:2      | Gained mutation: You have very sharp teeth. [potion of mutation]
  1943 | D:3      | Reached ** piety under Lugonu
  1963 | D:3      | Reached XP level 4. HP: 20/40 MP: 4/4
  2336 | D:3      | Reached XP level 5. HP: 46/46 MP: 5/5
  2679 | D:3      | Noticed Ijyb
  2694 | D:3      | Killed from afar by Ijyb

Skill      XL: |  1  2  3  4  5 |
---------------+----------------+-----
Fighting       | 4 |  4.4
Invocations    | 2 |  2.7
Armour         | 3 4 |  4.2
Axes           | 3 4 |  4.5
Dodging        | |  1.3

Action                   |  1- 3 |  4- 6 || total
-------------------------+-------+-------++-------
Melee: Hand axe          |   108 |    68 ||   176
       Headbutt          |    16 |    10 ||    26
       Bite              |     1 |    13 ||    14
Throw: Tomahawk          |     1 |       ||     1
Invok: Depart the Abyss  |     1 |       ||     1
  Use: Scroll            |     4 |       ||     4
       Potion            |     2 |     5 ||     7
  Eat: Chunk             |     3 |       ||     3
       Bread ration      |       |     1 ||     1
Armor: Chain mail        |    83 |    37 ||   120
Dodge: Dodged            |    56 |    25 ||    81
